 Dungeon Sprint DCSS version 0.27.1 (webtiles) character file.

Game seed: 7016581112010470615

1775 shadowrider38 the Warrior (level 8, -7/165 HPs)
             Began as a Troll Berserker on Aug 24, 2021.
             Was an Elder of Trog.
             Mangled by a deep troll (15 damage)
             ... in the Dungeon (Sprint I: "Red Sonja").
             The game lasted 00:03:06 (619 turns).

shadowrider38 the Warrior (Troll Berserker)          Turns: 619, Time: 00:03:07

Health: -7/165     AC:  4    Str: 28    XL:     8   Next: 80%
Magic:  7/7        EV: 10    Int:  3    God:    Trog [****..]
Gold:   711        SH:  0    Dex:  9    Spells: 7/7 levels left

rFire    . . .     SeeInvis .     - Unarmed
rCold    . . .     Faith    .   (no shield)
rNeg     . . .     Spirit   .   a - +0 animal skin
rPois    .         Reflect  .   (helmet restricted)
rElec    .         Harm     .   (no cloak)
rCorr    .         Rampage  .   (gloves unavailable)
Will     .....     NoTele   +   (boots unavailable)
Stlth    ..........             (no amulet)
HPRegen  1.37/turn              (no ring)
MPRegen  0.10/turn              (no ring)

@: berserking, very quick
A: large, unfitting armour, claws 3, regeneration 1, shaggy fur 1, tough skin 1
a: Renounce Religion, Berserk, Trog's Hand, Brothers in Arms


You were in the Dungeon.
You worshipped Trog.
Trog was greatly pleased with you.
You visited 1 branch You collected 711 gold pieces.

Inventory:

Armour
 a - a +0 animal skin (worn)
Scrolls
 g - a scroll of blinking
Potions
 b - 3 potions of curing
 c - a potion of heal wounds
 d - a potion of haste
 e - 2 potions of magic
 f - a potion of berserk rage


   Skills:
 + Level 15.8 Fighting
 - Level 2.4 Dodging
 - Level 3.0 Unarmed Combat


You had 7 spell levels left.
You didn't know any spells.
Your spell library was empty.

Dungeon Overview and Level Annotations

Branches:
Dungeon (1/1)

Altars:
Cheibriados
Dithmenos
Elyvilon
Fedhas
Gozag
Hepliaklqana
Kikubaaqudgha
Makhleb
Nemelex Xobeh
Okawaru
Qazlal
Ru
Sif Muna
Trog
Uskayaw
Vehumet
Wu Jian
Xom
Yredelemnul
Zin
The Shining One
Jiyva
Lugonu

Shops:
D =(


Innate Abilities, Weirdness & Mutations

You are too large for most types of armour.
You have claws for hands.
Your natural rate of healing is unusually fast.
You are covered in fur. (AC +1)
You have tough skin. (AC +1)


Message History

You now have enough gold to buy the amulet "Vouruk" {rF+ Regen+ Str+2 Dex+3} on this level.
You can access your shopping list by pressing '$'.
You now have 657 gold pieces (gained 27).
You now have 684 gold pieces (gained 27).
b - 3 potions of curing (gained 1)
You now have 711 gold pieces (gained 27).
There is an open door here.
You open the door.
A deep troll comes into view.
The deep troll shouts!
Found 108 gold pieces.
The deep troll bites you. The deep troll claws you. The deep troll claws you!
There is an open door, spattered with blood here.
You scratch the deep troll.
The deep troll is lightly wounded.
The deep troll bites you! The deep troll claws you.
The deep troll barely misses you.
You scratch the deep troll but do no damage.
The deep troll is lightly wounded.
The deep troll bites you! The deep troll claws you! x2
You mangle the deep troll!!
The deep troll is moderately wounded.
A red film seems to cover your vision as you go berserk!
You feel yourself moving faster!
You feel mighty! The deep troll bites you. The deep troll claws you!
The deep troll barely misses you.
You claw the deep troll!
The deep troll is severely wounded.
The deep troll bites you!!
* * * LOW HITPOINT WARNING * * *
The deep troll claws you!
* * * LOW HITPOINT WARNING * * *
The deep troll claws you!
* * * LOW HITPOINT WARNING * * *
You are too berserk!
You claw the deep troll!
The deep troll is almost dead.
The deep troll bites you.
* * * LOW HITPOINT WARNING * * *
The deep troll claws you!
You die...

#..#####'#####'#__####...+
#..####..#...#)####"=#####
#..#__####..##.#≈§§§c#
#..#_____##'#_§'§§§
#⌠⌠#_.∩...').._#§§§§
####_..__##_.#+##+##
#_____###'#
############.####+###
#∩........'...@T$.$$+
###++++####...#######
###.### #.#'#.# #.....#
#.[[[.# #######


You could see a deep troll.

Vanquished Creatures
  Sonja (D)
  2 kobold demonologists (D)
  A slime creature (D)
  Sigmund (D)
  A yak (D)
  A floating eye (D)
  An ogre (D)
  A jelly (D)
  Ijyb (D)
10 creatures vanquished.

Vanquished Creatures (others)
  2 hornets (D)
  2 ballistomycete spores (D)
4 creatures vanquished.

Grand Total: 14 creatures vanquished

Notes
Turn   | Place    | Note
-------+----------+-------------------------------------------
     0 | D        | shadowrider38 the Troll Berserker began the quest for the
                  | Orb.
     0 | D        | Reached XP level 1. HP: 22/22 MP: 0/0
     1 | D        | Noticed Ijyb
     5 | D        | Killed Ijyb
     6 | D        | Reached skill level 5 in Fighting
     6 | D        | Reached XP level 2. HP: 35/35 MP: 1/1
    49 | D        | Noticed an ogre
    52 | D        | Killed an ogre
    53 | D        | Reached skill level 8 in Fighting
    53 | D        | Reached XP level 3. HP: 48/48 MP: 2/2
    53 | D        | Reached XP level 4. HP: 57/57 MP: 3/3
    95 | D        | Noticed Sigmund
   104 | D        | Killed Sigmund
   104 | D        | Reached ** piety under Trog
   105 | D        | Reached skill level 10 in Fighting
   105 | D        | Reached XP level 5. HP: 70/70 MP: 4/4
   158 | D        | Found a shimmering blue altar of Sif Muna.
   159 | D        | Found an ornate altar of the Wu Jian Council.
   160 | D        | Found a radiant altar of Vehumet.
   166 | D        | Reached XP level 6. HP: 64/79 MP: 5/5
   190 | D        | Found a viscous altar of Jiyva.
   190 | D        | Found a corrupted altar of Lugonu.
   190 | D        | Noticed a slime creature
   191 | D        | Found a burning altar of Makhleb.
   191 | D        | Found a shimmering altar of Xom.
   196 | D        | Killed a slime creature
   197 | D        | Reached skill level 12 in Fighting
   355 | D        | Noticed a kobold demonologist
   355 | D        | Noticed a floating eye
   355 | D        | Noticed a kobold demonologist
   357 | D        | Killed a floating eye
   357 | D        | Reached *** piety under Trog
   358 | D        | Reached XP level 7. HP: 92/92 MP: 6/6
   359 | D        | Noticed a ynoxinul
   366 | D        | Killed a kobold demonologist
   367 | D        | Reached skill level 13 in Fighting
   368 | D        | Killed a kobold demonologist
   368 | D        | Reached **** piety under Trog
   369 | D        | Reached skill level 14 in Fighting
   369 | D        | Reached XP level 8. HP: 106/106 MP: 7/7
   433 | D        | Noticed a centaur warrior
   454 | D        | Found Nieq's Weapon Emporium.
   454 | D        | Found an ancient bone altar of Kikubaaqudgha.
   454 | D        | Found a hazy altar of Hepliaklqana.
   454 | D        | Found a stormy altar of Qazlal.
   454 | D        | Found a hide-covered altar of Uskayaw.
   454 | D        | Found a blossoming altar of Fedhas.
   454 | D        | Found a bloodstained altar of Trog.
   454 | D        | Found an iron altar of Okawaru.
   454 | D        | Found a basalt altar of Yredelemnul.
   454 | D        | Found a glowing golden altar of the Shining One.
   454 | D        | Found a snail-covered altar of Cheibriados.
   454 | D        | Found a sacrificial altar of Ru.
   454 | D        | Found a glowing silver altar of Zin.
   454 | D        | Found a shadowy altar of Dithmenos.
   454 | D        | Found a white marble altar of Elyvilon.
   458 | D        | Killed a hornet
   462 | D        | Found an opulent altar of Gozag.
   463 | D        | Found a sparkling altar of Nemelex Xobeh.
   477 | D        | Noticed Sonja
   487 | D        | Killed Sonja
   488 | D        | Reached skill level 15 in Fighting
   508 | D        | Killed a hornet
   554 | D        | Found Zoigheus's Jewellery Boutique.
   612 | D        | Noticed a deep troll
   619 | D        | HP: 8/165 [deep troll (5)]
   619 | D        | Mangled by a deep troll

Illustrated notes

Levels and vault maps discovered:
D:        dungeon_sprint_1 [red_sonja_temple_1, red_sonja_temple_small_1]

Skill      XL: |  1  2  3  4  5  6  7  8 |
---------------+-------------------------+-----
Fighting       | 5 8 10 12 14 15 | 15.8
Dodging        | |  2.4
Unarmed Combat | |  3.0

Action                   |  1- 3 |  4- 6 |  7- 9 || total
-------------------------+-------+-------+-------++-------
Melee: Unarmed           |     5 |    17 |    27 ||    49
Invok: Berserk           |     2 |     1 |     3 ||     6
Armor: Animal skin       |       |     1 |     3 ||     4
Dodge: Dodged            |     2 |     2 |    10 ||    14
